 Dungeon Crawl Stone Soup version 0.30.0-15-g856e2d3f33 (webtiles) character file.

Game seed: 14982448237131424782

180310 hitsuchi the Warrior (level 18, -4/176 (178) HPs)
             Began as a Hill Orc Berserker on May 19, 2023.
             Was the Champion of Trog.
             Hit by a large rock thrown by a stone giant (13 damage)
             ... on level 3 of the Depths.
             The game lasted 00:46:39 (32615 turns).

hitsuchi the Warrior (Hill Orc Berserker)          Turns: 32615, Time: 00:46:40

HP:   -4/176 (178)  AC: 30    Str: 31    XL:     18   Next: 26%
MP:   18/18         EV: 11    Int:  5    God:    Trog [******]
Gold: 2761          SH: 19    Dex: 10    Spells: 17/17 levels left

rFire   + + +        a - +9 broad axe (flame)
rCold   + . .        N - +1 kite shield {rF+}
rNeg    . . .        T - +4 plate armour {rF+}
rPois   +            p - +0 helmet
rElec   +            S - scarf {rC+ rF+}
rCorr   .            o - +2 pair of gloves of the Great Game {Harm rElec Str+5 Int-4}
SInv    .            i - +2 pair of boots
Will    ++...        m - amulet of reflection Stlth
                     y - ring of willpower
HPRegen 0.49/turn    B - ring of poison resistance
MPRegen 0.16/turn

%: harm (+30% outgoing, +20% incoming), reflection
@: on berserk cooldown, slowed, lightly drained, very slow
A: inability to read after injury 1
a: Renounce Religion, Berserk, Trog's Hand, Brothers in Arms


You were on level 3 of the Depths.
You worshipped Trog.
Trog was exalted by your worship.
You visited 5 branches of the dungeon, and saw 28 of its levels.

You collected 3596 gold pieces.
You spent 835 gold pieces at shops.

Inventory:

Hand Weapons
 a - a +9 broad axe of flaming (weapon)
 b - a +3 heavy broad axe
Missiles
 F - 2 throwing nets (quivered)
Armour
 i - a +2 pair of boots (worn)
 o - the +2 pair of gloves of the Great Game (worn) {Harm rElec Str+5 Int-4}
   (You acquired it on level 7 of the Dungeon)

   Str:       It affects your strength (+5).
   Int:       It affects your intelligence (-4).
   rElec:     It insulates you from electricity.
   Harm:      It increases damage dealt and taken.
 p - a +0 helmet (worn)
 N - a +1 kite shield of fire resistance (worn)
 S - a scarf of resistance (worn)
 T - a +4 plate armour of fire resistance (worn)
Jewellery
 m - an amulet of reflection (around neck)
 x - a ring of protection from fire
 y - a ring of willpower (left hand)
 B - a ring of poison resistance (right hand)
 C - a +6 ring of strength
 P - a +6 ring of dexterity
 X - the ring of Rotih {EV+5 Str+3}
   (You found it on level 2 of the Snake Pit)

   [ring of evasion]

   EV:        It affects your evasion (+5).
   Str:       It affects your strength (+3).
Wands
 E - a wand of mindburst (5)
 G - a wand of polymorph (27)
 H - a wand of charming (5)
 L - a wand of digging (7)
 M - a wand of iceblast (13)
 U - a wand of quicksilver (8)
 V - a wand of flame (14)
Scrolls
 e - 5 scrolls of poison
 f - 21 scrolls of teleportation
 g - 4 scrolls of vulnerability
 j - 3 scrolls of enchant weapon
 l - 7 scrolls of identify
 n - 4 scrolls of immolation
 r - a scroll of fog
 D - 3 scrolls of fear
 I - a scroll of blinking
 J - a scroll of brand weapon
 K - 3 scrolls of enchant armour
 O - a scroll of magic mapping
 R - 3 scrolls of torment
Potions
 c - 11 potions of curing
 d - 6 potions of attraction
 h - 4 potions of heal wounds
 k - 4 potions of haste
 q - a potion of invisibility
 s - 5 potions of lignification
 t - a potion of mutation
 u - 2 potions of might
 v - 13 potions of ambrosia
 w - 7 potions of flight
 z - 4 potions of resistance
 A - 2 potions of magic
 Q - 3 potions of cancellation
 W - 2 potions of berserk rage


   Skills:
 * Level 19.6 Fighting
 - Level 18.0 Axes
 + Level 16.8 Armour
 + Level 9.1 Dodging
 + Level 16.8 Shields
 * Level 7.1 Evocations


You had 17 spell levels left.
You didn't know any spells.
Your spell library was empty.

Dungeon Overview and Level Annotations

Branches:
Dungeon (15/15)            Temple (0/1) D:7            Lair (5/5) D:9
 Shoals (0/4) Lair:3        Snake (3/4) Lair:3        Slime (0/5) Lair:4
    Orc (2/2) D:12            Elf (0/3) Orc:2        Vaults (0/5) D:13
 Depths (3/4) D:15

Altars:
Cheibriados
Dithmenos
Hepliaklqana
Kikubaaqudgha
Nemelex Xobeh
Trog
Uskayaw
Vehumet
Zin
The Shining One
Beogh
Jiyva

Shops:
D:2 =   D:8 ?   Orc:1 =:(   Orc:2 :*[(   Snake:2 [   Depths:1 *

Portals:
Hell: Depths:1 Depths:2
Abyss: Depths:1
Pandemonium: Depths:2
Ziggurat: Depths:2


Innate Abilities, Weirdness & Mutations

You occasionally lose the ability to read scrolls when taking damage.


Message History

* * * LOW HITPOINT WARNING * * *
Unknown command.
You slice the tengu reaver!! You burn the tengu reaver!
The tengu reaver is almost dead.
The rakshasa weaves an illusion.
The spriggan air mage shimmers and seems to become two!
Unknown command.
You slice the tengu reaver!! You burn the tengu reaver.
You kill the tengu reaver!
Trog accepts your kill.
Trog appreciates your killing of a magic user.
You slice the spriggan air mage!! You burn the spriggan air mage!
You feel the power of Trog in you as your rage grows.
You kill the spriggan air mage!
Trog accepts your kill.
Trog appreciates your killing of a magic user.
The stone giant throws a large rock.
The large rock hits you!
* * * LOW HITPOINT WARNING * * *
You are too berserk!
You see here a sphinx corpse.
You feel a strong urge to attack something.
You are too berserk!
You feel your anger nearly subside.
You are no longer berserk.
You are exhausted.
You feel yourself slow down.
Blink to where?
Press: ? - help, Dir - move target
As you read the scroll of blinking, it crumbles to dust.
The rakshasa weaves an illusion.
The stone giant shimmers and seems to become two!
Blink to where?
Press: ? - help, Dir - move target
As you read the scroll of blinking, it crumbles to dust.
As you read the scroll of fog, it crumbles to dust.
The scroll dissolves into smoke.
There is an open door here.
There is an open door here.
The stone giant throws a large rock.
The large rock hits you!
You die...

+......#
#...C..######
#.............
#.[###########
#§)##
#####...#######
#8..#§§........
#.<.#R§..######
#8@.#C§.......
##'###§#######
#8§C#§§8#
#.§§C§§§#
#8§8#8§8#
#########


You could see 3 stone giants and a rakshasa.

Vanquished Creatures
  Vashnia (Snake:3)
  Rupert (D:12)
  Asterion (Snake:1)
  A sphinx (Depths:3)
  A tengu reaver (Depths:3)
  A nagaraja (Snake:2)
  3 fire giants
  2 frost giants (Depths:1)
  An angel (Depths:2)
  Louise (Snake:2)
  2 orc warlords
  5 stone giants
  12 very ugly things
  Snorg (D:12)
  An ettin (Depths:1)
  5 fire dragons
  2 rakshasas
  3 hydras
  Erica (D:8)
  5 ice dragons
  3 centaur warriors
  An ogre mage (D:13)
  12 anacondas
  4 tengu warriors
  4 deep troll earth magi (Depths:2)
  2 spriggan air magi
  8 two-headed ogres
  2 vampire magi
  5 naga warriors
  7 naga sharpshooters
  4 deep troll shamans
  A spriggan berserker (Depths:2)
  3 boulder beetles
  3 orc high priests (Orc:2)
  6 shock serpents
  A spriggan (Depths:2)
  Nergalle (D:11)
  2 sun demons (Depths:2)
  5 hell knights (Depths:2)
  3 iron trolls (Depths:2)
  A skyshark (Lair:5)
  5 salamander mystics
  6 deep trolls (Depths:2)
  6 sea snakes (Snake:3)
  A shadow demon (Depths:2)
  A swamp dragon (Lair:5)
  2 naga ritualists
  5 orc knights
  A lindwurm (shapeshifter) (D:15)
  2 wizards (D:13)
  2 deep elf pyromancers
  5 harpies
  A lindwurm (Lair:5)
  4 mana vipers
  4 orc sorcerers (Orc:2)
  Pikel (D:9)
  3 manticores
  10 salamanders
  10 elephants
  3 cyclopes
  20 ugly things
  A guardian serpent (Snake:1)
  5 naga magi
  Maurice (Orc:2)
  22 black mambas
  7 torpor snails
  Maggie (Lair:2)
  17 cane toads
  6 komodo dragons
  An unseen horror (D:11)
  4 rime drakes
  An efreet (D:14)
  4 yaktaurs (D:13)
  A tengu conjurer (D:13)
  4 tyrant leeches (Lair:5)
  7 hornets
  9 trolls
  3 meliai (Lair:4)
  A queen bee (Lair:4)
  A polar bear (Lair:4)
  Grinder (D:6)
  10 blink frogs
  Prince Ribbit (D:9)
  10 dream sheep
  A snapping turtle (shapeshifter) (Depths:2)
  9 slime creatures (D:14)
  4 shadows
  62 yaks
  2 water elementals (Depths:1)
  2 wyverns (D:10)
  5 wraiths
  6 basilisks
  7 vampire mosquitoes
  4 steam dragons
  A neqoxec (Depths:2)
  Menkaure (D:5)
  3 acid dragons
  21 nagas
  13 water moccasins
  2 wargs
  40 orc warriors
  5 black bears
  A swamp drake (Lair:5)
  2 ice beasts
  10 ogres
  10 wolves
  A centaur (D:6)
  4 lemures (D:9)
  2 phantoms
  4 kobold brigands
  11 bullfrogs
  4 gnoll sergeants
  8 scorpions
  16 wights
  32 killer bees
  5 howler monkeys
  A lava snake (D:10)
  6 hounds
  30 orc priests
  2 jellies (D:5)
  4 gnoll boudas
  10 iguanas
  38 orc wizards
  Robin (D:2)
  8 adders
  33 gnolls
  A shadow imp (D:8)
  2 ufetubi
  4 worms
  3 dart slugs
  123 orcs
  8 bats
  6 endoplasms
  A giant cockroach (D:3)
  12 goblins
  2 hobgoblins (D:2)
  13 jackals
  18 kobolds
  6 quokkas
  6 ball pythons
  4 frilled lizards
  3 rats (D:2)
981 creatures vanquished.

Vanquished Creatures (collateral kills)
  6 orc warriors (Orc:2)
  An orc priest (Orc:2)
  2 orcs (Orc:2)
9 creatures vanquished.

Vanquished Creatures (others)
  2 orcs (Orc:2)
2 creatures vanquished.

Grand Total: 992 creatures vanquished

Notes
Turn   | Place    | Note
-------+----------+-------------------------------------------
     0 | D:1      | hitsuchi the Hill Orc Berserker began the quest for the
                  | Orb.
     0 | D:1      | Reached XP level 1. HP: 19/19 MP: 1/1
   217 | D:1      | Reached XP level 2. HP: 26/26 MP: 2/2
   466 | D:1      | Reached skill level 5 in Axes
   813 | D:2      | Found Zuvynaps's Jewellery Emporium.
   956 | D:2      | Reached XP level 3. HP: 29/31 MP: 3/3
  1165 | D:2      | Found a shadowy altar of Dithmenos.
  1563 | D:3      | Reached skill level 1 in Shields
  1563 | D:3      | Reached XP level 4. HP: 39/39 MP: 4/4
  1571 | D:3      | Found a radiant altar of Vehumet.
  1653 | D:3      | Reached ** piety under Trog
  1659 | D:3      | Noticed Robin
  1802 | D:2      | Killed Robin
  2284 | D:3      | Found the +7 Throatcutter {drain, coup de grace}
  2284 | D:3      | Noticed a kobold brigand
  2284 | D:3      | Noticed a kobold brigand
  2309 | D:3      | Killed a kobold brigand
  2310 | D:3      | Reached XP level 5. HP: 40/45 MP: 5/5
  2331 | D:3      | Killed a kobold brigand
  2332 | D:3      | Reached XP level 6. HP: 15/51 MP: 6/6
  2478 | D:3      | Found a snail-covered altar of Cheibriados.
  3130 | D:4      | Reached *** piety under Trog
  3237 | D:4      | Found a shadowy altar of Dithmenos.
  3285 | D:4      | Noticed a black bear
  3303 | D:4      | Killed a black bear
  3304 | D:4      | Reached XP level 7. HP: 34/57 MP: 7/7
  3526 | D:4      | Reached skill level 5 in Shields
  3992 | D:5      | Entered Level 5 of the Dungeon
  4190 | D:2      | Bought a ring of protection from fire for 325 gold pieces
  4534 | D:5      | Reached XP level 8. HP: 60/64 MP: 8/8
  4600 | D:5      | Noticed a +0 dagger
  4600 | D:5      | Noticed a +0 hand axe
  4656 | D:5      | Noticed Menkaure
  4669 | D:5      | Killed Menkaure
  4670 | D:5      | Reached skill level 4 in Fighting
  4670 | D:5      | Reached skill level 10 in Axes
  4831 | D:5      | Reached skill level 5 in Fighting
  5027 | D:5      | Found a hide-covered altar of Uskayaw.
  5417 | D:6      | Reached skill level 6 in Fighting
  5735 | D:6      | Found a hazy altar of Hepliaklqana.
  5791 | D:6      | Reached XP level 9. HP: 74/78 MP: 9/9
  5852 | D:6      | Reached skill level 7 in Fighting
  5870 | D:6      | Noticed Grinder
  5880 | D:6      | Killed Grinder
  6016 | D:6      | Reached **** piety under Trog
  6024 | D:6      | Reached skill level 8 in Fighting
  7044 | D:7      | Reached skill level 9 in Fighting
  7281 | D:7      | Reached XP level 10. HP: 74/91 MP: 10/10
  7697 | D:7      | Found a staircase to the Ecumenical Temple.
  7829 | D:7      | Identified a scroll of acquirement
  7832 | D:7      | Acquired the +2 pair of gloves of the Great Game {Harm
                  | rElec Str+5 Int-4}
  7914 | D:8      | Found Packyobu's Magic Scroll Boutique.
  7927 | D:8      | Bought a scroll of fog for 60 gold pieces
  7927 | D:8      | Bought a scroll of identify for 30 gold pieces
  7927 | D:8      | Bought a scroll of identify for 30 gold pieces
  8021 | D:8      | Reached skill level 10 in Fighting
  8031 | D:8      | Reached skill level 5 in Armour
  8101 | D:8      | Noticed a two-headed ogre
  8105 | D:8      | Reached ***** piety under Trog
  8109 | D:8      | Killed a two-headed ogre
  8573 | D:8      | Noticed Erica
  8582 | D:8      | Reached skill level 11 in Fighting
  8582 | D:8      | Killed Erica
  8964 | D:9      | Noticed Pikel
  8982 | D:9      | Killed Pikel
  8983 | D:9      | Reached XP level 11. HP: 103/104 MP: 11/11
  9092 | D:9      | Reached skill level 12 in Fighting
  9389 | D:9      | Found an ancient bone altar of Kikubaaqudgha.
  9428 | D:9      | Noticed Prince Ribbit
  9438 | D:9      | Killed Prince Ribbit
  9448 | D:9      | Noticed a cyclops
  9464 | D:9      | Killed a cyclops
  9552 | D:9      | Received a gift from Trog
  9730 | D:9      | Found a staircase to the Lair.
 10054 | Lair:1   | Entered Level 1 of the Lair of Beasts
 10838 | Lair:1   | Reached skill level 15 in Axes
 11120 | Lair:2   | Reached skill level 10 in Armour
 11236 | Lair:2   | Noticed Maggie
 11242 | Lair:2   | Killed Maggie
 11243 | Lair:2   | Reached XP level 12. HP: 111/113 MP: 12/12
 11674 | D:2      | Bought an amulet of reflection for 390 gold pieces
 12018 | Lair:2   | Noticed an eight-headed hydra
 12024 | Lair:2   | Killed a five-headed hydra
 12025 | Lair:2   | Reached skill level 13 in Fighting
 12356 | Lair:3   | Found a staircase to the Snake Pit.
 12853 | Lair:3   | Found a staircase to the Shoals.
 12949 | Lair:3   | Identified the +3 trident of Imminent Death {freeze, Fly
                  | rC++ Int+2 Dex-4}
 13575 | Lair:4   | Reached XP level 13. HP: 123/123 MP: 13/13
 13594 | Lair:4   | Reached skill level 14 in Fighting
 13876 | Lair:4   | Reached skill level 15 in Fighting
 13901 | Lair:4   | Received a gift from Trog
 14331 | Lair:4   | Found a viscous altar of Jiyva.
 14333 | Lair:4   | Found a staircase to the Slime Pits.
 14489 | Lair:5   | Entered Level 5 of the Lair of Beasts
 14525 | Lair:5   | Reached skill level 16 in Fighting
 14693 | Lair:5   | Noticed a fire dragon
 14699 | Lair:5   | Killed a fire dragon
 14947 | Lair:5   | Reached skill level 17 in Fighting
 15130 | Lair:5   | Found a runed translucent door.
 15131 | Lair:5   | Noticed an ice dragon
 15219 | Lair:5   | Reached skill level 18 in Fighting
 15248 | Lair:5   | Reached XP level 14. HP: 123/143 MP: 14/14
 15347 | Lair:5   | Paralysed by a hornet for 1 turns
 15775 | Lair:5   | Reached ****** piety under Trog
 15787 | Lair:5   | Received a gift from Trog
 16449 | D:10     | Entered Level 10 of the Dungeon
 16807 | D:10     | Found a sparkling altar of Nemelex Xobeh.
 16807 | D:10     | Found a glowing golden altar of the Shining One.
 17253 | D:10     | Found the +11 Singing Sword {sonic wave}
 17770 | D:11     | Noticed Nergalle
 17775 | D:11     | Killed Nergalle
 18395 | D:12     | Received a gift from Trog
 18397 | D:12     | Found a roughly hewn altar of Beogh.
 18397 | D:12     | Found a staircase to the Orcish Mines.
 18569 | D:12     | Reached skill level 5 in Dodging
 18689 | D:12     | Noticed Rupert
 18697 | D:12     | Killed Rupert
 18808 | D:12     | Noticed Snorg
 18816 | D:12     | Killed Snorg
 19418 | Orc:1    | Entered Level 1 of the Orcish Mines
 19418 | Orc:1    | Found Royloec's Weapon Shoppe.
 19569 | Orc:2    | Entered Level 2 of the Orcish Mines
 19616 | Orc:2    | Noticed an orc warlord
 19635 | Orc:1    | Found Okkas's Jewellery Shoppe.
 19643 | Orc:1    | Received a gift from Trog
 19658 | Orc:1    | HP: 9/214 [orc warrior/+0 glaive (6)]
 20079 | Orc:2    | Killed an orc warlord
 20088 | Orc:2    | Reached XP level 15. HP: 134/149 MP: 15/15
 20187 | Orc:2    | Found a staircase to the Elven Halls.
 20212 | Orc:2    | Noticed an orc warlord
 20396 | Orc:1    | Killed an orc warlord
 20537 | Orc:2    | Paralysed by an orc sorcerer for 5 turns
 20548 | Orc:2    | Received a gift from Trog
 20764 | Orc:2    | Noticed Maurice
 20766 | Orc:2    | Reached skill level 10 in Shields
 20776 | Orc:2    | Killed Maurice
 21123 | Orc:2    | Found Wuiclimo's General Store.
 21124 | Orc:2    | Found Ciq Hets's Book Shoppe.
 21126 | Orc:2    | Found Onnuipni's Antique Armour Shoppe.
 21126 | Orc:2    | Found Wuthroch's Antique Weapon Emporium.
 21355 | Orc:1    | Received a gift from Trog
 21540 | Orc:1    | Found Ypriugg's Book Emporium.
 21932 | D:13     | Found a gate to the Vaults.
 22415 | D:14     | Reached skill level 15 in Armour
 23248 | D:15     | Entered Level 15 of the Dungeon
 23319 | D:15     | Reached XP level 16. HP: 130/157 MP: 16/16
 23606 | D:15     | Found a staircase to the Depths.
 23982 | D:15     | Found a glowing golden altar of the Shining One.
 24022 | D:15     | Gained mutation: You occasionally lose the ability to read
                  | scrolls when taking damage. [a shining eye]
 24508 | Depths:1 | Entered Level 1 of the Depths
 24981 | Depths:1 | Received a gift from Trog
 25222 | Depths:1 | You fall into a shaft and drop 1 floor!
 25704 | Depths:1 | Found a one-way gate to the infinite horrors of the Abyss.
 25837 | Depths:1 | Found Zin's Purification Station.
 25840 | Depths:1 | Found a glowing silver altar of Zin.
 25964 | Depths:1 | Found a gateway to Hell.
 26206 | Depths:1 | Identified the +1 flail "Soafara" {venom, Int+4}
 26578 | Depths:2 | Reached skill level 15 in Shields
 26720 | Depths:2 | Found a one-way gate leading to the halls of Pandemonium.
 26730 | Depths:2 | Noticed a sphinx
 26789 | Depths:2 | Found a one-way gateway to a ziggurat.
 27137 | Depths:2 | Reached skill level 1 in Evocations
 27141 | Depths:2 | Reached XP level 17. HP: 151/163 MP: 17/17
 28239 | Snake:1  | Entered Level 1 of the Snake Pit
 28587 | Snake:1  | Received a gift from Trog
 28947 | Snake:1  | Noticed Asterion
 28953 | Snake:1  | Killed Asterion
 29302 | Snake:1  | Identified the +8 bardiche of Komio {protect, Fragile rF+
                  | Dex+6}
 29624 | Snake:1  | Identified the +2 leather armour of the Poles {Dex+2}
 29986 | Snake:2  | Found Kues's Antique Armour Emporium.
 30048 | Snake:2  | Noticed Louise
 30069 | Snake:2  | Killed Louise
 30232 | Snake:2  | Identified the ring of Rotih {EV+5 Str+3}
 30375 | Snake:2  | Reached skill level 5 in Evocations
 31109 | Snake:2  | Reached skill level 19 in Fighting
 31334 | Snake:3  | Received a gift from Trog
 31347 | Snake:3  | Identified the +0 ring mail of Hoygiosopn {Rampage Str+10
                  | Int-4 SInv}
 31541 | Snake:3  | Noticed Vashnia
 31550 | Snake:3  | Killed Vashnia
 31556 | Snake:3  | Reached XP level 18. HP: 170/176 MP: 18/18
 31602 | Snake:3  | Found a bloodstained altar of Trog.
 32601 | Depths:3 | HP: 2/261 [stone giant/large rock (20)]
 32615 | Depths:3 | Hit by a large rock thrown by a stone giant

Illustrated notes

Levels and vault maps discovered:
D:1:      minmay_arrival_four_loops, layout_basic, minmay_vboxes
D:2:      layout_basic, basic_altar, serial_shops, nicolae_shop_hallway_stairs
D:3:      layout_loops_ring, mainiacjoe_overflow_chevrons,
          cheibrodos_worm_habitat, dilly_guarded_unrand_throatcut, uniq_robin
D:4:      layout_loops_corners, nicolae_overflow_crystal_walls, st_stairs_4,
          dk_vineyard_1, nicolae_titane
D:5:      layout_rooms, dancing_weapons_uskayaw, uniq_menkaure
D:6:      layout_loops_corners, nzn_hepliaklqana_mist_gate,
          nicolae_grassy_gnolls, uniq_grinder
D:7:      layout_cave_pools, minmay_temple_entry_waves, serial_gnoll_camp,
          gnoll_camp_mini_basic, gnoll_camp_mini_loothouse,
          gnoll_camp_mini_doghouse, gnoll_camp_huts_basic
D:8:      layout_cave_pods, serial_shops, nicolae_shop_statue_plus, uniq_erica
D:9:      layout_roguey, nicolae_kikubaaqudgha_miasma_corner,
          david_lair_generic, uniq_prince_ribbit1, uniq_pikel
D:10:     old_forge, layout_loops_ring, nicolae_overflow_two_pavilions
D:11:     layout_loops_ring, uniq_nergalle
D:12:     layout_loops_ring, david_orc_5, uniq_snorg, uniq_rupert
D:13:     layout_basic, david_vaults_1
D:14:     layout_small_grid, hangedman_decor_diamond_cutter
D:15:     grunt_enter_depths_hoard, layout_loops_corners,
          dreamdust_princess_bridge, tso_metal_star
Lair:1:   layout_layer_cave, infiniplex_staircase_pool
Lair:2:   layout_regular_city, grunt_megastairs_5, uniq_maggie
Lair:3:   layout_roguey, nicolae_shoals_entry_roost,
          minmay_snake_entry_guardpost_small
Lair:4:   hellmonk_ruined_rings, layout_misc_corridors, dpeg_slime_entry_corner,
          special_room [special_room_bee], lemuel_fruit_tree
Lair:5:   guppyfry_lair_end_dragon, layout_regular_city, wormcave,
          grunt_megastairs_4
Snake:1:  layout_chambers, uniq_asterion
Snake:2:  layout_layer_cave, serial_shops, nicolae_shop_tiny_waterfront,
          nicolae_integral_box, uniq_louise
Snake:3:  layout_rooms, basic_altar, nicolae_snake_snake_lake, uniq_vashnia
Orc:1:    layout_caves, serial_shops, nicolae_shop_back_alley_shop, shop, shop
Orc:2:    st_orc_congregation, layout_caves, uniq_maurice
Depths:1: layout_honeycomb, dreamdust_wishing_well, grunt_hell_entry_dis_old,
          abyss_entry_crystal, minmay_crystal_water, minivault_10, zin_purify
Depths:2: nicolae_cairo_tiling_large, layout_honeycomb, enter_ziggurat_c,
          serial_bayou_shore_b, rand_demon_pan_entry_5, hell_entry,
          infiniplex_staircase_pillars_1
Depths:3: minmay_quarter_circles, layout_basic, abyss_entry, hell_entry,
          nicolae_shop_vocational, serial_bayou_shore_a,
          minmay_staircase_windowed_small

Skill      XL: |  1  2  3  4  5  6  7  8  9 10 11 12 13 14 15 16 17 18 |
---------------+-------------------------------------------------------+-----
Axes           | 5 6 7 8 9 11 13 14 15 18 | 18.0
Shields        | 1 3 4 6 9 11 16 | 16.8
Fighting       | 6 9 11 12 13 18 19 | 19.6
Armour         | 3 7 10 11 12 13 15 16 | 16.8
Dodging        | 2 5 8 9 |  9.1
Evocations     | 1 6 7 |  7.1

Action                     |  1- 3 |  4- 6 |  7- 9 | 10-12 | 13-15 | 16-18 || total
---------------------------+-------+-------+-------+-------+-------+-------++-------
  Melee: Hand axe          |   104 |   204 |   424 |   242 |       |       ||   974
         Broad axe         |       |       |       |   181 |   792 |   657 ||  1630
 Invoke: Berserk           |       |     1 |     2 |     2 |     6 |     5 ||    16
         Trog's Hand       |       |       |     1 |       |     8 |     6 ||    15
         Brothers in Arms  |       |       |       |       |     1 |       ||     1
    Use: Potion            |       |     1 |       |       |       |     1 ||     2
         Scroll            |       |     1 |       |    21 |     9 |     5 ||    36
   Stab: Sleeping          |     1 |       |       |       |       |       ||     1
         Held in net/web   |       |       |       |       |     1 |       ||     1
 Armour: Ring mail         |    45 |    57 |       |       |       |       ||   102
         Animal skin       |     2 |       |       |       |       |       ||     2
         Chain mail        |       |    31 |   122 |       |       |       ||   153
         Plate armour      |       |       |    24 |   112 |    56 |   217 ||   409
         Swamp dragon scal |       |       |       |    47 |   190 |       ||   237
  Dodge: Dodged            |    65 |    90 |    92 |   117 |   235 |   134 ||   733
  Block: Buckler           |       |    61 |   105 |   134 |   393 |    71 ||   764
         Reflection        |       |       |       |       |    15 |    31 ||    46
         Kite shield       |       |       |       |       |       |   370 ||   370
